Map: Acropolis LE

Players

Cham - Winner!

  • Race: Zerg Zerg
  • Spawn Location: 5:00

MarineLorD

  • Race: Terran Terran
  • Spawn Location: 11:00

Event: 2019 WCS Summer

VOD

Have the link to the VOD?

Description

Time

  • Played on: July 13, 2019, 8:26 a.m.
  • Length: 11:46

All games in this series

Show
View Real Time Build Order
Export as new Build Order

Cham Zerg - Winner!

Build Orders: Hatch First 

Get SALT Encoding   

  12  0:00  Drone  
  13  0:08  Drone  
  14  0:17  Overlord  
  14  0:35  Drone x2  
  16  0:48  Hatchery  
  15  0:51  Drone  
  15  0:54  Drone  
  17  0:59  Drone  
  18  1:07  Extractor  
  17  1:12  Spawning Pool  
  17  1:15  Drone  
  17  1:19  Drone  
  18  1:29  Drone  
  19  2:00  Zergling x2  
  19  2:01  Zergling x4, Queen  
  22  2:06  Spine Crawler  
  23  2:09  Zergling x2  
  24  2:20  Zergling x2  
  23  2:48  Drone x3  
  25  2:53  Drone  
  25  2:54  Drone  
  25  2:56  Drone  
  28  3:01  Overlord  
  28  3:19  Queen, Overlord  
  30  3:21  Drone x2  
  30  3:22  Drone  
  30  3:25  Drone  
  34  3:27  Drone x2  
  35  3:35  Drone  
  35  3:40  Drone  
  35  3:41  Drone  
  37  3:42  Drone  
  38  3:54  Overlord  
  38  3:57  Queen  
  38  3:58  Lair  
  38  4:01  Drone x3  
  38  4:02  Extractor  
  42  4:04  Drone  
  42  4:09  Overlord  
  43  4:16  Extractor  
  42  4:18  Extractor, Overlord  
  42  4:20  Zergling x4  
  43  4:26  Overlord  
  43  4:29  Zergling x4  
  43  4:30  Zergling x2, Drone x2  
  43  4:31  Drone  
  49  4:40  Drone x2  
  51  4:45  Overlord  
  51  4:49  Metabolic Boost  
  51  4:52  Drone, Overlord  
  52  4:57  Spire  
  51  5:05  Drone x3  
  51  5:07  Overlord  
  54  5:08  Queen  
  56  5:19  Zergling x10  
  61  5:23  Queen  
  63  5:29  Zergling x2  
  63  5:31  Zergling x2  
  65  5:39  Overlord  
  65  5:54  Drone x2  
  65  6:09  Mutalisk  
  65  6:10  Mutalisk x5  
  77  6:14  Mutalisk  
  77  6:27  Mutalisk  
  79  6:34  Mutalisk  
  79  6:37  Hatchery  
  79  6:38  Drone x4  
  79  6:39  Overlord  
  84  6:44  Mutalisk  
  84  6:45  Zergling x2  
  84  6:46  Zergling x4  
  88  6:54  Zergling x2  
  89  6:59  Zergling x4  
  82  7:19  Mutalisk x4  
  82  7:21  Drone  
  90  7:24  Drone  
  83  7:31  Evolution Chamber  
  83  7:33  Roach Warren  
  77  7:37  Mutalisk x2  
  80  7:44  Drone x2  
  80  7:50  Drone  
  83  7:52  Drone  
  83  7:57  Mutalisk  
  86  7:59  Overlord  
  86  8:01  Drone x2  
  86  8:02  Zerg Missile Weapons Level 1, Drone, Overlord  
  86  8:03  Drone x2  
  91  8:07  Extractor  
  91  8:09  Extractor  
  91  8:10  Drone, Overlord  
  91  8:11  Drone  
  91  8:20  Drone  
  91  8:21  Drone  
  91  8:25  Overlord  
  93  8:28  Hatchery, Overlord  
  93  8:29  Drone x4  
  93  8:32  Glial Reconstitution  
  93  8:33  Overlord  
  96  8:35  Drone x4  
  96  8:36  Roach x2  
  104  8:44  Overlord  
  104  8:45  Roach  
  106  8:48  Roach  
  106  8:52  Overlord  
  106  8:57  Roach x5  
  106  9:00  Ravager x2  
  116  9:06  Roach  
  116  9:09  Roach x2  
  109  9:17  Roach x3  
  109  9:19  Roach x2  
  109  9:20  Roach  
  102  9:25  Roach  
  102  9:30  Roach x3  
  102  9:31  Roach  
  107  9:33  Roach x3  
  112  9:40  Roach x2  
  112  9:41  Ravager  
  112  9:44  Roach x3  
  123  9:48  Roach  
  123  9:52  Roach x2  
  131  9:53  Roach  
  131  9:54  Ravager x3  
  131  9:57  Roach  
  131  9:59  Roach  
  138  10:00  Roach x2  
  138  10:03  Roach  
  144  10:07  Roach x3  
  144  10:10  Roach  
  144  10:13  Roach  
  152  10:28  Roach x2  
  152  10:36  Roach x2  
  152  10:44  Roach x9  
  152  10:48  Roach  
  164  10:53  Roach  
  164  10:55  Drone x6  
  158  11:08  Roach  
  158  11:09  Roach x2  
  146  11:14  Roach x3  
  150  11:19  Roach  
  150  11:22  Roach  
  150  11:24  Roach x2  
  149  11:26  Drone  
  149  11:27  Drone  
  149  11:28  Drone  
  152  11:32  Infestation Pit  
  155  11:41  Extractor x2  
Show
View Real Time Build Order
Export as new Build Order

MarineLorD Terran 

Build Orders:  

Get SALT Encoding   

  12  0:00  SCV  
  13  0:12  SCV  
  14  0:17  Supply Depot  
  14  0:24  SCV  
  15  0:43  Barracks  
  15  0:44  SCV  
  16  0:57  SCV  
  16  0:59  Barracks  
  17  1:05  Refinery  
  17  1:10  SCV  
  18  1:22  SCV  
  19  1:30  Marine  
  20  1:34  Orbital Command  
  20  1:40  Supply Depot  
  20  1:46  Marine  
  21  1:47  Marine  
  21  1:53  Bunker  
  22  2:04  Marine  
  22  2:05  Marine  
  24  2:10  SCV  
  25  2:22  Marine  
  26  2:23  Marine  
  26  2:24  Factory  
  26  2:28  SCV  
  27  2:39  Marine  
  27  2:41  Marine  
  29  2:45  SCV  
  28  2:55  Supply Depot  
  28  3:03  SCV  
  28  3:04  Command Center  
  29  3:11  Factory Reactor  
  29  3:17  Starport  
  29  3:22  SCV  
  29  3:34  SCV  
  29  3:40  Refinery  
  29  3:41  Supply Depot  
  30  3:46  SCV  
  33  3:48  Hellion  
  33  3:49  Hellion  
  33  3:53  Medivac  
  37  3:58  SCV  
  37  4:02  Marine  
  41  4:10  SCV, Hellion  
  41  4:11  Hellion  
  41  4:14  Liberator  
  44  4:17  Orbital Command  
  44  4:27  SCV  
  45  4:32  Orbital Command  
  45  4:37  Barracks Tech Lab  
  48  4:39  SCV  
  48  4:40  Hellion  
  48  4:45  Hellion  
  53  4:51  SCV  
  54  4:55  Marine  
  54  4:57  Stimpack  
  54  4:58  SCV  
  56  5:04  SCV  
  57  5:10  Supply Depot  
  58  5:14  SCV, Supply Depot  
  58  5:17  SCV  
  58  5:20  Marine  
  58  5:21  Factory Reactor  
  60  5:26  SCV  
  61  5:29  Starport Reactor, SCV  
  62  5:38  SCV  
  62  5:41  Marine, SCV  
  63  5:50  SCV  
  63  5:52  Barracks  
  63  5:53  SCV  
  63  5:55  Barracks  
  65  5:59  Marine  
  65  6:01  Command Center  
  65  6:02  SCV  
  67  6:04  Supply Depot  
  67  6:05  SCV  
  67  6:07  Supply Depot  
  68  6:12  Widow Mine x2  
  68  6:14  SCV  
  68  6:18  SCV  
  74  6:19  Engineering Bay  
  74  6:20  Starport Reactor  
  74  6:21  Engineering Bay  
  74  6:26  Marine, SCV  
  74  6:30  SCV  
  77  6:35  Supply Depot  
  77  6:38  SCV  
  77  6:39  Widow Mine x2  
  82  6:42  SCV  
  82  6:46  Refinery  
  83  6:47  Terran Infantry Weapons Level 1  
  83  6:48  Refinery  
  83  6:49  Terran Infantry Armor Level 1  
  83  6:51  SCV  
  83  6:52  Marine  
  86  6:54  SCV, Missile Turret  
  86  6:57  Missile Turret  
  86  7:03  SCV  
  86  7:04  Marine  
  86  7:06  SCV  
  74  7:10  Marine  
  74  7:15  SCV  
  67  7:16  Marine  
  67  7:17  Marine  
  67  7:18  SCV  
  63  7:23  Combat Shield, Marine x2  
  63  7:27  SCV  
  63  7:29  Marine  
  65  7:30  SCV  
  65  7:32  Widow Mine  
  65  7:37  Marine  
  65  7:39  SCV  
  65  7:40  Orbital Command  
  65  7:42  SCV  
  67  7:44  Marine x2  
  67  7:46  Medivac  
  67  7:50  Supply Depot  
  71  7:54  Widow Mine x2  
  71  7:57  Marine, SCV  
  71  7:58  Marine, SCV  
  77  8:08  Orbital Command  
  77  8:09  Marine x3  
  80  8:13  Armory  
  80  8:15  Marine  
  80  8:16  Marine  
  82  8:25  Widow Mine x2  
  82  8:27  Marine x2  
  86  8:30  Missile Turret  
  86  8:31  SCV  
  86  8:33  Marine x2  
  87  8:34  SCV  
  87  8:35  Marine  
  87  8:36  SCV  
  90  8:42  Concussive Shells  
  90  8:43  SCV  
  90  8:44  Marine x2  
  91  8:51  Marine  
  91  8:52  Marine  
  91  8:54  Barracks x2  
  94  8:56  SCV  
  94  9:00  Widow Mine x2  
  94  9:01  Terran Infantry Weapons Level 2  
  94  9:02  Terran Infantry Armor Level 2  
  97  9:04  SCV x2  
  97  9:08  Missile Turret  
  94  9:13  Marine, SCV  
  94  9:14  Marine  
  94  9:16  Medivac x2  
  91  9:19  Marine  
  91  9:20  Marine  
  91  9:21  Marine  
  88  9:24  SCV  
  80  9:34  SCV x2  
  81  9:39  Terran Vehicle And Ship Armor Level 1  
  81  9:40  Marine  
  82  9:46  Barracks Tech Lab, Medivac x2  
  82  9:48  Marine x2  
  82  9:49  Factory Tech Lab  
  82  9:51  Marine x2  
  82  9:52  Factory  
  81  9:58  Marine  
  81  9:59  Marine x2  
  80  10:06  Marine x2, SCV x2  
  84  10:07  Refinery  
  84  10:08  Marine  
  84  10:09  Marine, SCV  
  84  10:13  Marauder  
  89  10:16  Marine  
  89  10:17  Marine  
  89  10:18  Marine  
  92  10:21  Siege Tank  
  92  10:24  Marine  
  92  10:25  Marine  
  92  10:26  Marauder  
  92  10:27  Marine  
  91  10:33  Marine  
  91  10:34  Marauder  
  91  10:35  Marine  
  68  10:43  Marine  
  68  10:44  Marine x2  
  68  10:45  Marine, SCV  
  68  10:46  SCV  
  68  10:48  Marine  
  58  10:51  Marine  
  58  10:52  Marine  
  58  10:53  Siege Tank  
  58  10:55  Marine  
  62  11:01  Marine  
  41  11:11  Marauder, Marine  
  41  11:16  Marauder  
  41  11:17  Marine  
Tags
 
Add a new tag
Caveats
  • Supply blocks, unpowered buildings, or Contaminate may cause inaccurate times.
  • Supply counts are checked every 10 seconds.